 Dungeon Crawl Stone Soup version 0.23.0 (webtiles) character file.

Game seed: 14207994287350666883

194 Flugkiller the Chopper (level 5, 0/47 HPs)
             Began as a Minotaur Fighter on Feb 18, 2019.
             Slain by an orc priest
             ... wielding a +0 club
              (1 damage)
             ... on level 4 of the Dungeon.
             The game lasted 00:00:45 (1065 turns).

Flugkiller the Chopper (Minotaur Fighter)           Turns: 1065, Time: 00:00:46

Health: 0/47       AC:  7    Str: 21    XL:     5   Next: 44%
Magic:  4/4        EV:  7    Int:  5    God:
Gold:   62         SH:  9    Dex: 10    Spells: 4/4 levels left

rFire    . . .     SeeInvis .   a - +0 war axe
rCold    . . .     Gourm    .   c - +0 shield
rNeg     . . .     Faith    .   b - +0 scale mail
rPois    .         Spirit   .   (helmet restricted)
rElec    .         Reflect  .   (no cloak)
rCorr    .         Harm     .   (no gloves)
MR       .....                  (no boots)
Stlth    ..........             (no amulet)
HPRegen  0.15/turn              (no ring)
MPRegen  0.09/turn              (no ring)

@: no status effects
A: retaliatory headbutt, horns 2
a: no special abilities


You were on level 4 of the Dungeon.
You were hungry.

You visited 1 branch of the dungeon, and saw 4 of its levels.

You collected 62 gold pieces.

Inventory:

Hand Weapons
 a - a +0 war axe (weapon)
Armour
 b - a +0 scale mail (worn)
 c - a +0 shield (worn)
Jewellery
 k - a cursed ring of protection from magic {unknown}
Scrolls
 g - a scroll of remove curse {unknown}
 i - a scroll of fog {unknown}
 j - a scroll of fear {unknown}
 l - a scroll of teleportation {unknown}
 m - a scroll of immolation {unknown}
Potions
 d - a potion of might {@q4}
 e - 2 potions of degeneration {unknown}
 h - a potion of haste {unknown}
Comestibles
 f - 2 rations {@e1}


   Skills:
 + Level 4.6 Fighting
 * Level 4.7 Axes
 + Level 4.6 Armour
 + Level 4.6 Shields


You had 4 spell levels left.
You didn't know any spells.
Your spell library was empty.

Dungeon Overview and Level Annotations

Branches:
Dungeon (4/15)
 Temple: D:4-7

Altars:


Innate Abilities, Weirdness & Mutations

You reflexively headbutt those who attack you in melee.
You have a pair of horns on your head.


Message History

Your headbutt misses the orc priest.
The orc priest is severely wounded.
You closely miss the hound. You block the hound's attack.
The hound bites you but does no damage.
The orc priest calls down the wrath of Beogh upon you.
Beogh smites you!
* * * LOW HITPOINT WARNING * * *
You closely miss the orc priest.
The orc priest is severely wounded.
You hit the hound. The hound closely misses you. You furiously retaliate!
You headbutt the hound!
The orc priest hits you but does no damage.
The hound bites you but does no damage.
Unknown command.
You hit the orc priest but do no damage.
The orc priest is severely wounded.
You slash the hound!
You kill the hound!
The orc priest hits you with a +0 club.
You die...

#. #. #. #. #.######
..(...#.# ##oa.#.#.#
#.# #.@..#.#.#
#...#......#.#######
#..)[.###.##....#
.......#.## #.##....#
######.#..###.##....###
#.#..............##
###..###.#.........
#...##.#.........
#...##.#.........


You could see a worker ant and an orc priest.

Vanquished Creatures
  A hound (D:4)
  An orc wizard (D:4)
  Natasha (twice) (D:2)
  Robin (D:2)
  2 adders (D:3)
  An ooze (D:2)
  A dart slug (D:2)
  A leopard gecko (D:2)
  4 orcs (D:4)
  2 giant cockroaches (D:1)
  14 goblins
  6 hobgoblins
  A kobold (D:3)
  A quokka (D:2)
  8 bats
  2 frilled lizards (D:1)
  A rat (D:1)
49 creatures vanquished.

Notes
Turn   | Place    | Note
-------+----------+-------------------------------------------
     0 | D:1      | Flugkiller the Minotaur Fighter began the quest for the
                  | Orb.
     0 | D:1      | Reached XP level 1. HP: 19/19 MP: 0/0
   231 | D:1      | Reached XP level 2. HP: 25/27 MP: 1/1
   342 | D:2      | Identified the +1 helmet of the Jolly Realms {+Blink rF+
                  | Int+4}
   342 | D:2      | Noticed Robin
   355 | D:2      | Reached XP level 3. HP: 21/33 MP: 2/2
   361 | D:2      | Killed Robin
   532 | D:2      | Noticed Natasha
   537 | D:2      | Killed Natasha
   537 | D:2      | Reached XP level 4. HP: 30/40 MP: 3/3
   584 | D:2      | Noticed Natasha
   592 | D:2      | Killed Natasha
  1044 | D:4      | Reached XP level 5. HP: 44/47 MP: 4/4
  1063 | D:4      | HP: 1/47 [orc priest/divine providence (10)]
  1065 | D:4      | Slain by an orc priest

Skill      XL: |  1  2  3  4 |
---------------+-------------+-----
Axes           | 3 4 |  4.7
Shields        | 4 |  4.6
Fighting       | 4 |  4.6
Armour         | 4 |  4.6

Action                   |  1- 3 |  4- 6 || total
-------------------------+-------+-------++-------
Melee: War axe           |    75 |    54 ||   129
       Headbutt          |    14 |     6 ||    20
Armor: Scale mail        |    37 |    26 ||    63
Dodge: Dodged            |    21 |    28 ||    49
Block: Shield            |    46 |    27 ||    73
